[Event "Commonwealth CC-Open 2024"]
[Site "Malacca"]
[Date "2024.02.27"]
[Round "9.20"]
[White "Anderson, Gavin"]
[Black "Genkeswaran, Genivan"]
[Result "1-0"]
[ECO "D61"]
[WhiteElo "2159"]
[BlackElo "1805"]
[Annotator "ChessBase"]
[PlyCount "147"]
[EventDate "2024.02.21"]
[EventCountry "MAS"]
[SourceTitle "playchess.com"]
[Source "ChessBase"]
[SourceQuality "1"]
[TimeControl "5400+30"]

1. d4 d5 2. c4 e6 3. Nc3 Nf6 4. Bg5 Nbd7 5. e3 c6 6. Nf3 Be7 7. Qc2 h6 8. Bh4 O-O 9. Rd1 b6 10. Bd3 Bb7 11. O-O c5 12. Qe2 Ne4 13. Bxe7 Nxc3 14. bxc3 Qxe7 15. cxd5 exd5 16. a4 c4 17. Bf5 Rad8 18. Ra1 Rb8 19. Rfb1 Bc6 20. Rb2 Rfe8 21. Bc2 g6 22. Nd2 a6 23. Nf1 b5 24. axb5 axb5 25. Rab1 Ra8 26. f3 Ra3 27. Qd2 Nb6 28. e4 Kg7 29. e5 Bd7 30. f4 Na4 31. Bxa4 bxa4 32. Ne3 Bf5 33. Nxd5 Qd8 34. Nf6 Bxb1 35. Nxe8+ Qxe8 36. Rxb1 Rb3 37. Rf1 Qb8 38. d5 Rb1 39. Qd4 Rxf1+ 40. Kxf1 Qb1+ 41. Ke2 Qc2+ 42. Ke3 Qc1+ 43. Qd2 Qg1+ 44. Ke4 a3 45. d6 Qb1+ 46. Ke3 a2 47. d7 a1=Q 48. d8=Q Qe1+ 49. Kf3 Qxc3+ 50. Qxc3 Qxc3+ 51. Kg4 Qd3 52. Qxd3 cxd3 53. Kf3 Kf8 54. Ke3 Ke7 55. Kxd3 Ke6 56. Ke4 h5 57. g3 Kd7 58. Kd5 Ke7 59. h3 Kd7 60. g4 hxg4 61. hxg4 Ke7 62. f5 f6 63. e6 g5 64. Kc6 Ke8 65. Kd6 Kd8 66. Kc5 Ke8 67. e7 Kxe7 68. Kc6 Ke8 69. Kd6 Kf7 70. Kd7 Kf8 71. Ke6 Kg7 72. Ke7 Kh7 73. Kxf6 Kh6 74. Ke7 1-0

[Event "Commonwealth CC-Open 2024"]
[Site "Malacca"]
[Date "2024.02.27"]
[Round "9.22"]
[White "Smith, Robert W"]
[Black "Siddharth, Sai"]
[Result "1-0"]
[ECO "B23"]
[WhiteElo "2152"]
[BlackElo "1760"]
[Annotator "ChessBase"]
[PlyCount "115"]
[EventDate "2024.02.21"]
[EventCountry "MAS"]
[SourceTitle "playchess.com"]
[Source "ChessBase"]
[SourceQuality "1"]
[TimeControl "5400+30"]

1. e4 c5 2. Nc3 e6 3. f4 Nc6 4. Nf3 d5 5. Bb5 d4 6. Ne2 Nf6 7. Bxc6+ bxc6 8. d3 Be7 9. O-O O-O 10. b3 a5 11. a4 Qb6 12. Ng3 Re8 13. Bd2 Bf8 14. Ne5 Be7 15. Qf3 Ba6 16. Kh1 Qc7 17. Rae1 Rab8 18. Nh5 Nxh5 19. Qxh5 g6 20. Qh3 Bf8 21. Ng4 Bg7 22. e5 Qd8 23. Re4 c4 24. dxc4 c5 25. Nf2 Bb7 26. Ree1 Ra8 27. Ne4 Bxe4 28. Rxe4 Qc7 29. Ree1 Rab8 30. Qd3 Ra8 31. Rf3 Qc6 32. Qe4 Qc7 33. Kg1 f5 34. exf6 Bxf6 35. g3 Bg7 36. Rf2 Rad8 37. Qd3 Qb6 38. Rfe2 Kh8 39. h4 Rd6 40. Rh2 e5 41. fxe5 Rxe5 42. Rhe2 Rde6 43. Rxe5 Rxe5 44. Rxe5 Bxe5 45. Qf3 Qd8 46. Bxa5 Qe7 47. Bd2 Kg7 48. Kg2 Bf6 49. a5 Qe6 50. Kf2 Qh3 51. a6 d3 52. c3 Bxh4 53. gxh4 Qh2+ 54. Ke3 Qe5+ 55. Kxd3 Qd6+ 56. Qd5 Qxa6 57. Qd7+ Kg8 58. Bh6 1-0

[Event "Commonwealth CC-Open 2024"]
[Site "Malacca"]
[Date "2024.02.27"]
[Round "9.23"]
[White "Kapoor, Satvik"]
[Black "Mahmood Shah, Mukhriez Shah"]
[Result "0-1"]
[ECO "E02"]
[WhiteElo "1791"]
[BlackElo "2007"]
[Annotator "ChessBase"]
[PlyCount "116"]
[EventDate "2024.02.21"]
[EventCountry "MAS"]
[SourceTitle "playchess.com"]
[Source "ChessBase"]
[SourceQuality "1"]
[TimeControl "5400+30"]

1. d4 Nf6 2. c4 e6 3. Nf3 d5 4. g3 dxc4 5. Qa4+ Bd7 6. Qxc4 Bc6 7. Bg2 Be7 8. Nc3 O-O 9. O-O a6 10. Bf4 b5 11. Qd3 b4 12. Nd1 Bb5 13. Qc2 Nc6 14. Ne3 Rc8 15. Rfd1 Nd5 16. Ne5 Nxe5 17. Nxd5 exd5 18. Bxe5 Qd7 19. e4 c6 20. Qb3 Bc4 21. Qf3 dxe4 22. Qxe4 Bd5 23. Qe2 a5 24. b3 Rfe8 25. Qd3 g5 26. Bxd5 cxd5 27. g4 Qxg4+ 28. Qg3 Qxg3+ 29. Bxg3 f5 30. Be5 Rc2 31. Re1 Kf7 32. Kf1 Rec8 33. Re2 Rxe2 34. Kxe2 Rc2+ 35. Kf3 Bf6 36. Bxf6 Kxf6 37. a3 Rc3+ 38. Ke2 Rxb3 39. axb4 Rxb4 40. Rxa5 Rxd4 41. Ra6+ Ke5 42. Kf3 h5 43. Rg6 g4+ 44. Ke2 h4 45. Rg8 Ra4 46. Re8+ Kf4 47. Rd8 Ra2+ 48. Ke1 Ra1+ 49. Ke2 Rh1 50. Rxd5 Rxh2 51. Kf1 Rh1+ 52. Kg2 Re1 53. Rd4+ Re4 54. Rd3 h3+ 55. Kg1 Re1+ 56. Kh2 Rf1 57. Rd4+ Kf3 58. Rd3+ Kxf2 0-1

[Event "Commonwealth CC-Open 2024"]
[Site "Malacca"]
[Date "2024.02.27"]
[Round "9.24"]
[White "Milligan, Helen"]
[Black "Lim, Xiao Xian Tobias"]
[Result "1/2-1/2"]
[ECO "C11"]
[WhiteElo "1941"]
[BlackElo "1584"]
[Annotator "ChessBase"]
[PlyCount "104"]
[EventDate "2024.02.21"]
[EventCountry "MAS"]
[SourceTitle "playchess.com"]
[Source "ChessBase"]
[SourceQuality "1"]
[TimeControl "5400+30"]

1. e4 e6 2. d4 d5 3. Nc3 Nf6 4. e5 Nfd7 5. f4 c5 6. Nf3 Nc6 7. Be3 cxd4 8. Nxd4 Qb6 9. Qd2 Qxb2 10. Rb1 Qa3 11. Bb5 Nxd4 12. Bxd4 a6 13. Bxd7+ Bxd7 14. Rxb7 Bb4 15. O-O Bc8 16. Rb6 O-O 17. Rb1 Bc5 18. R6b3 Qa5 19. Qf2 Bxd4 20. Qxd4 Bd7 21. f5 Rfc8 22. fxe6 Bxe6 23. h3 h6 24. Rd1 Rc4 25. Qd3 Qc5+ 26. Kh1 d4 27. Qe4 Rc8 28. Ne2 Bd5 29. Qd3 Rxc2 30. Rbb1 Qc6 31. Nxd4 Bxg2+ 32. Kg1 Qa8 33. Nxc2 Be4 34. Qd7 Kh7 35. Rd2 Rxc2 36. Rxc2 Bxc2 37. Re1 Qf3 38. Qg4 Qc3 39. Qh4 Bf5 40. Re2 Bxh3 41. Qe4+ g6 42. Qe3 Qc8 43. Qf4 Be6 44. Rh2 h5 45. Rd2 Qc1+ 46. Kh2 Qc7 47. Qf6 Qc3 48. Rd8 Qh3+ 49. Kg1 Qg3+ 50. Kh1 Qh3+ 51. Kg1 Qg3+ 52. Kh1 Qh3+ 1/2-1/2